 Dungeon Crawl Stone Soup version 0.24-a0-475-g5b41c6f198 (webtiles) character file.

Game seed: 10664307145817844796

7830 Azzok the Thaumaturge (level 11, 0/54 HPs)
             Began as a Deep Elf Earth Elementalist on July 5, 2019.
             Was a Believer of Vehumet.
             Slain by a freezing wraith (8 damage)
             ... on level 10 of the Dungeon.
             The game lasted 00:16:11 (14642 turns).

Azzok the Thaumaturge (DEEE)                       Turns: 14642, Time: 00:16:11

Health: 0/54       AC:  6    Str:  5    XL:     11   Next: 1%
Magic:  2/28       EV: 20    Int: 24    God:    Vehumet [**....]
Gold:   607        SH:  0    Dex: 15    Spells: 23/32 levels left

rFire    . . .     SeeInvis .   p - +2 dagger (venom)
rCold    + . .     Gourm    .   (no shield)
rNeg     . . .     Faith    .   c - +0 robe
rPois    +         Spirit   .   z - +2 helmet
rElec    .         Reflect  .   (no cloak)
rCorr    .         Harm     .   J - +0 pair of gloves
MR       +....                  (no boots)
Stlth    ++........             (no amulet)
HPRegen  0.18/turn              r - +2 ring of evasion
MPRegen  0.21/turn              A - ring of Hoirist {rPois rC+}

@: no status effects
A: no striking features
a: Renounce Religion


You were on level 10 of the Dungeon.
You worshipped Vehumet.
Vehumet was pleased with you.
You were hungry.

You visited 2 branches of the dungeon, and saw 11 of its levels.

You collected 607 gold pieces.

Inventory:

Hand Weapons
 p - a +2 dagger of venom (weapon)
 x - a +0 rapier of electrocution
Missiles
 b - 328 stones (quivered)
Armour
 c - a +0 robe (worn)
 z - a +2 helmet (worn)
 J - a +0 pair of gloves (worn)
Jewellery
 r - a +2 ring of evasion (left hand)
 A - the ring of Hoirist (right hand) {rPois rC+}
   (You found it on level 7 of the Dungeon)

   [ring of protection from cold]

   It protects you from cold.
   It protects you from poison.
 I - an uncursed ring of protection from magic
Wands
 g - a wand of iceblast (8)
 k - a wand of flame (15)
 s - a wand of digging (4)
 u - a wand of paralysis (8)
 H - a wand of random effects (11)
 M - a wand of scattershot (8)
Scrolls
 e - 6 scrolls of remove curse
 f - 2 scrolls of random uselessness {unknown}
 i - 5 scrolls of teleportation {unknown}
 o - a scroll of enchant weapon {unknown}
 v - 4 scrolls of identify
 y - a scroll of fog {unknown}
 B - a scroll of blinking {unknown}
 C - a scroll of amnesia {unknown}
 D - a scroll of vulnerability {unknown}
 F - a scroll of silence {unknown}
 L - a scroll of noise {unknown}
Potions
 a - a potion of berserk rage {unknown}
 h - 3 potions of might {unknown}
 j - 4 potions of curing {unknown}
 l - a potion of degeneration {unknown}
 m - 3 potions of ambrosia
 n - a potion of magic
 q - 2 potions of cancellation
 t - 3 potions of mutation {!q}
 w - 6 potions of haste
 E - a potion of flight {unknown}
 G - a potion of agility {unknown}
Comestibles
 d - 17 rations
 K - 2 chunks of flesh


   Skills:
 + Level 9.4 Dodging
 - Level 2.4 Stealth
   Level 4.1 Shields
 + Level 11.2 Spellcasting
 + Level 8.9 Conjurations
   Level 1.1 Transmutations
 + Level 9.7 Earth Magic


You had 23 spell levels left.
You knew the following spells:

 Your Spells              Type           Power        Failure   Level  Hunger
a - Sandblast             Erth           ######       1%          1    None
b - Stone Arrow           Conj/Erth      ######       1%          3    None
d - Lee's Rapid Deconstr  Erth           ######....   2%          5    ####...

Your spell library contained the following spells:

 Spells                   Type           Power        Failure   Level  Hunger
 Searing Ray              Conj           ######       1%          2    None
 Passwall                 Tmut/Erth      #####...     1%          2    None
 Beastly Appendage        Tmut           ###...       3%          1    None
 Animate Skeleton         Necr           N/A          4%          1    None
 Infusion                 Chrm           ##..         4%          1    None
 Pain                     Necr           ##..         4%          1    None
 Summon Small Mammal      Summ           ##..         4%          1    None
 Sticks to Snakes         Tmut           ###.....     4%          2    None
 Petrify                  Tmut/Erth      #####...     4%          4    None
 Call Imp                 Summ           ##......     7%          2    None
 Shroud of Golubria       Chrm/Tloc      ##....       7%          2    None
 Song of Slaying          Chrm           ##......     7%          2    None
 Spider Form              Tmut/Pois      ###.......   11%         3    None
 Call Canine Familiar     Summ           ##......     14%         3    None
 Regeneration             Chrm/Necr      ##........   14%         3    None
 Spectral Weapon          Hex/Chrm       ##......     14%         3    None
 Summon Guardian Golem    Hex/Summ       ##......     14%         3    None
 Vampiric Draining        Necr           ##........   14%         3    None
 Ice Form                 Ice/Tmut       ###.....     36%         4    None
 Animate Dead             Necr           N/A          43%         4    None
 Summon Ice Beast         Ice/Summ       ##......     43%         4    None
 Summon Lightning Spire   Summ/Air       ##......     43%         4    None
 Blade Hands              Tmut           ###.......   63%         5    ####...


Dungeon Overview and Level Annotations

Branches:
Dungeon (10/15)            Temple (1/1) D:6            Lair (0/6) D:8
    Orc: D:9-12

Altars:
Ashenzari
Cheibriados
Dithmenos
Elyvilon
Fedhas
Gozag
Hepliaklqana
Kikubaaqudgha
Makhleb
Nemelex Xobeh
Okawaru
Qazlal
Ru
Trog
Vehumet
Wu Jian
Xom
Yredelemnul
Zin
The Shining One

Annotations:
D:10 2 transporters, KristoblXynda's ghost, novice DrGl


Message History

A rock wall.
The wall shatters!
The blast of rock fragments hits the freezing wraith.
The freezing wraith is almost destroyed.
* * * LOW MAGIC WARNING * * *
The freezing wraith closely misses you. The freezing wraith hits you!
Casting: Lee's Rapid Deconstruction (safe; 2% risk of failure)
Confirm with . or Enter, or press ? or * to list all spells.
Aiming: Lee's Rapid Deconstruction (safe; 2% risk of failure)
Press: ? - help, Dir - move target cursor A rock wall.
The wall shatters!
The blast of rock fragments hits the freezing wraith!
The freezing wraith is almost destroyed.
* * * LOW MAGIC WARNING * * *
You are feeling hungry.
The freezing wraith hits you!
* * * LOW HITPOINT WARNING * * *
The freezing wraith freezes you! You resist.
You die...

▒·▒
▒·▒
·▒
▒·▒
▒·▒
▒·▒
▒·▒
▒·▒
▒·▒
▒·▒
▒@▒
▒W▒
▒·▒
▒·▒
▒▒▒
▒·▒
····
···
····
··!
▒▒▒▒
▒▒▒


You could see a freezing wraith.

Vanquished Creatures
  A two-headed ogre (D:9)
  A cyclops (D:9)
  A troll (D:10)
  A hippogriff (D:8)
  Sigmund (D:3)
  5 yaks (D:9)
  A human (D:7)
  4 hogs (D:7)
  2 hungry ghosts
  2 orc warriors
  2 black bears
  2 sky beasts
  5 ogres
  An eye of draining (D:10)
  A necrophage (D:10)
  A phantom (D:6)
  3 centaurs
  7 bullfrogs
  A water moccasin zombie (D:5)
  A scorpion (D:8)
  3 killer bees (D:10)
  16 wights
  9 howler monkeys
  6 crimson imps
  3 hounds
  A quasit (D:8)
  2 bullfrog zombies
  2 centaur zombies
  4 orc priests
  2 iguanas (D:6)
  2 jellies
  8 orc wizards
  Natasha (thrice) (D:3)
  7 worker ants
  3 hound zombies
  A hound skeleton (D:5)
  3 worker ant zombies
  12 adders
  2 shadow imps
  2 oozes
  2 adder zombies (D:7)
  An adder skeleton (D:8)
  A dart slug (D:3)
  4 worms
  6 leopard geckos
  46 orcs
  8 giant cockroaches
  8 goblins
  7 hobgoblins
  7 jackals
  3 quokkas
  4 bats (D:2)
  5 frilled lizards
  9 kobolds
  A quokka skeleton (D:8)
  A quokka zombie (D:8)
  18 rats
265 creatures vanquished.

Notes
Turn   | Place    | Note
-------+----------+-------------------------------------------
     0 | D:1      | Azzok the Deep Elf Earth Elementalist began the quest for
                  | the Orb.
     0 | D:1      | Reached XP level 1. HP: 10/10 MP: 6/6
   101 | D:1      | Reached XP level 2. HP: 10/15 MP: 1/8
  1135 | D:2      | Reached skill level 4 in Spellcasting
  1141 | D:2      | Reached XP level 3. HP: 4/19 MP: 5/10
  1152 | D:2      | Learned a level 3 spell: Stone Arrow
  1844 | D:2      | Found a faded altar of an unknown god.
  2155 | D:2      | Reached skill level 1 in Conjurations
  2639 | D:3      | Reached XP level 4. HP: 24/24 MP: 0/12
  3036 | D:3      | Noticed Sigmund
  3047 | D:3      | Killed Sigmund
  3047 | D:3      | Reached skill level 5 in Spellcasting
  3047 | D:3      | Reached skill level 5 in Earth Magic
  3047 | D:3      | Reached XP level 5. HP: 5/28 MP: 1/15
  3299 | D:2      | Learned a level 5 spell: Lee's Rapid Deconstruction
  3450 | D:3      | Reached XP level 6. HP: 32/32 MP: 9/16
  3908 | D:3      | Noticed Natasha
  3910 | D:3      | Killed Natasha
  4069 | D:3      | Noticed Natasha
  4070 | D:3      | Killed Natasha
  4119 | D:3      | Found a snail-covered altar of Cheibriados.
  4596 | D:3      | Noticed Natasha
  4598 | D:3      | Killed Natasha
  4899 | D:4      | Reached skill level 6 in Spellcasting
  5718 | D:5      | Entered Level 5 of the Dungeon
  5943 | D:5      | Reached XP level 7. HP: 36/36 MP: 11/18
  7040 | D:6      | Reached skill level 7 in Spellcasting
  7194 | D:6      | Reached XP level 8. HP: 41/41 MP: 7/20
  7202 | D:6      | Reached skill level 5 in Dodging
  7202 | D:6      | Reached skill level 5 in Conjurations
  7714 | D:6      | Found an iron altar of Okawaru.
  7733 | D:6      | Found a staircase to the Ecumenical Temple.
  7740 | Temple   | Entered the Ecumenical Temple
  7759 | Temple   | Became a worshipper of Vehumet
  7823 | D:6      | Reached skill level 8 in Spellcasting
  7900 | D:6      | Reached skill level 1 in Shields
  8359 | D:6      | Found a bloodstained altar of Trog.
  8846 | D:7      | Reached XP level 9. HP: 45/45 MP: 13/23
  9119 | D:7      | Reached * piety under Vehumet
  9119 | D:7      | Offered knowledge of Flame Tongue by Vehumet.
  9336 | D:7      | Got a smoking lead ring
  9351 | D:7      | Reached skill level 9 in Spellcasting
  9610 | D:7      | Found a shimmering altar of Xom.
 10097 | D:7      | Found a basalt altar of Yredelemnul.
 10099 | D:7      | Found a hazy altar of Hepliaklqana.
 10099 | D:7      | Found a blossoming altar of Fedhas.
 10103 | D:7      | Found a shadowy altar of Dithmenos.
 10375 | D:7      | Found a shimmering altar of Xom.
 10375 | D:7      | Found a shimmering altar of Xom.
 10376 | D:7      | Found a shimmering altar of Xom.
 10377 | D:7      | Found a shimmering altar of Xom.
 10707 | D:8      | Found a staircase to the Lair.
 10709 | D:8      | Found a basalt altar of Yredelemnul.
 10873 | D:8      | Found a sparkling altar of Nemelex Xobeh.
 11218 | D:8      | Reached ** piety under Vehumet
 11271 | D:8      | Offered knowledge of Throw Frost by Vehumet.
 11371 | D:8      | Found a sacrificial altar of Ru.
 11372 | D:8      | Found an ornate altar of the Wu Jian Council.
 11647 | D:8      | Identified the ring of Hoirist {rPois rC+} (You found it on
                  | level 7 of the Dungeon)
 11799 | D:8      | Reached XP level 10. HP: 50/50 MP: 15/25
 11999 | D:9      | Noticed a two-headed ogre
 12003 | D:9      | Killed a two-headed ogre
 12003 | D:9      | Reached skill level 10 in Spellcasting
 12392 | D:9      | Noticed a cyclops
 12508 | D:9      | Killed a cyclops
 13186 | D:9      | Offered knowledge of Searing Ray by Vehumet.
 13508 | D:10     | Entered Level 10 of the Dungeon
 13578 | D:10     | Identified the +6 great mace "Elf's Regret" {freeze, +Rage
                  | Str+4 Dex+3}
 13580 | D:10     | Identified the +7 glaive of the Ecumenical Temple
                  | {antimagic, Str-3 Int+8 Dex+7 SInv}
 13580 | D:10     | Noticed a tengu warrior
 13580 | D:10     | Noticed a moth of wrath
 13580 | D:10     | Noticed KristoblXynda's ghost (novice DrGl)
 13588 | D:10     | Found a bloodstained altar of Trog.
 13590 | D:10     | Identified the +3 demon whip of False Hope {chaos, +Inv
                  | Dex+3}
 13590 | D:10     | Noticed an orc knight
 13596 | D:10     | Found a transporter.
 13729 | D:10     | Reached skill level 11 in Spellcasting
 13806 | D:10     | Found a transporter.
 14439 | D:10     | Reached XP level 11. HP: 54/54 MP: 19/28
 14642 | D:10     | Slain by a freezing wraith

Levels and vault maps discovered:
D:1:      onia_arrival_pyramid, layout_basic, ebering_dispersal_statue_hall
D:2:      layout_basic, chequers_ecumenical_altar_simple
D:3:      layout_loops_ring, nicolae_overflow_hidden_temple,
          minmay_statues_item, grunt_ministairs_4, uniq_sigmund, uniq_natasha
D:4:      layout_loops_ring, kennysheep_generic_room_12
D:5:      layout_basic, first_ration
D:6:      layout_basic, bloody_trog, okawaru_gym_becter, temple_fountains
D:7:      layout_basic, minitemple, grunt_livestock, xom_redecorated
D:8:      layout_rooms, nemelex_xobeh_ov_fountains_minmay,
          gammafunk_temple_overflow_pools, lair_entry_dummy, basic_altar,
          serial_curves, eino_curves_04, eino_curves_04
D:9:      layout_long_grid
D:10:     kennysheep_big_flooded_room, layout_long_grid,
          gammafunk_ghost_wrathful_warriors
Temple:   minmay_temple_bridge_abc

Skill      XL: |  1  2  3  4  5  6  7  8  9 10 |
---------------+-------------------------------+-----
Spellcasting   | 4 5 6 7 8 9 11 | 11.2
Earth Magic    | 4 5 6 7 8 9 |  9.7
Conjurations   | 1 2 3 4 6 7 8 |  8.9
Dodging        | 3 4 6 7 9 |  9.4
Shields        | 1 3 4 |  4.1
Stealth        | |  2.4
Transmutations | |  1.1

Action                   |  1- 3 |  4- 6 |  7- 9 | 10-12 || total
-------------------------+-------+-------+-------+-------++-------
Melee: Dagger            |    17 |     3 |    10 |     2 ||    32
 Cast: Sandblast         |    31 |     9 |    23 |     8 ||    71
       Stone Arrow       |    27 |    69 |   158 |    73 ||   327
       Lee's Rapid Decon |       |       |     5 |    22 ||    27
  Use: Scroll            |       |     1 |     7 |     1 ||     9
  Eat: Chunk             |     7 |     9 |    15 |    11 ||    42
       Ration            |       |     1 |     1 |       ||     2
Armor: Robe              |     6 |       |     3 |       ||     9
Dodge: Dodged            |    25 |    11 |    42 |    19 ||    97

Table legend:
 A = Non-vault XP
 B = Vault XP
 C = Vault XP percentage of total XP
 D = Non-vault monster count
 E = Vault monster count
 F = Vault count percentage of total count
                 A         B        C        D         E       F
            +---------+---------+-------+---------+---------+-------
      Total |    9905 |    1281 |  11.5 |     255 |      10 |   3.8
            +---------+---------+-------+---------+---------+-------
        D:1 |      26 |       0 |   0.0 |      17 |       0 |   0.0
        D:2 |      66 |       0 |   0.0 |      32 |       0 |   0.0
        D:3 |     178 |     259 |  59.3 |      27 |       4 |  12.9
        D:4 |     121 |      55 |  31.2 |      15 |       1 |   6.2
        D:5 |     514 |       0 |   0.0 |      12 |       0 |   0.0
        D:6 |    1411 |       0 |   0.0 |      33 |       0 |   0.0
        D:7 |     976 |     967 |  49.8 |      25 |       5 |  16.7
        D:8 |    1300 |       0 |   0.0 |      33 |       0 |   0.0
        D:9 |    3523 |       0 |   0.0 |      32 |       0 |   0.0
       D:10 |    1790 |       0 |   0.0 |      29 |       0 |   0.0
            +---------+---------+-------+---------+---------+-------
